 Dungeon Crawl Stone Soup version 0.28-a0-991-g956f0ee3d5 (webtiles) character file.

Game seed: 8392266957750045806

157574 enile the Warrior (level 17, -2/99 HPs)
             Began as a Vine Stalker Fighter on Dec 4, 2021.
             Was the Champion of Nemelex Xobeh.
             Succumbed to poison (dark miasma)
             ... on level 4 of the Swamp.
             The game lasted 02:09:43 (29185 turns).

enile the Warrior (Vine Stalker Fighter)           Turns: 29185, Time: 02:09:43

Health: -2/99      AC: 24    Str: 36    XL:     17   Next: 70%
Magic:  24/24      EV:  7    Int:  6    God:    Nemelex Xobeh [******]
Gold:   1375       SH: 14    Dex: 23    Spells: 19/20 levels left

rFire   + + +      SeeInvis .   B - +8 falchion of the Pariah {protect, Will+ rCorr Str+5 Int-5}
rCold   + . .      Faith    .   K - +0 kite shield
rNeg    . . .      Spirit   +   W - +2 gold dragon scales
rPois   +          Reflect  .   b - +0 hat {Will+}
rElec   .          Harm     .   E - -4 cloak of Busus {Str+7}
rCorr   +          Rampage  .   Y - +1 pair of gloves {Dex+3}
Will    +++++                   k - +2 pair of boots {Fly}
Stlth   ..........              L - amulet of regeneration
HPRegen 1.86/turn               A - ring of Astrad {rPois rF++ Will+}
MPRegen 0.19/turn               v - ring "Saschoat" {rPois Int+3 Dex+3 Stlth+}

@: lethally poisoned (-2 -> -10), flying, slowed, studying 2 skills, very slow
A: fangs 3, regeneration 1, magic shield, antimagic bite, no potion heal 2
a: Renounce Religion, Draw Escape, Draw Destruction, Draw Summoning, Triple
Draw, Deal Four, Stack Five


You were on level 4 of the Swamp.
You worshipped Nemelex Xobeh.
Nemelex Xobeh was exalted by your worship.
You visited 5 branches of the dungeon, and saw 27 of its levels.
You also visited: Gauntlet, Ice Cave and Volcano.

You collected 2521 gold pieces.
You spent 1146 gold pieces at shops.

Inventory:

Hand Weapons
 r - a +3 falchion of holy wrath
 B - the +8 falchion of the Pariah (weapon) {protect, Will+ rCorr Str+5 Int-5}
   (You found it on level 13 of the Dungeon)

   It grants its wielder temporary protection when it strikes (+7 to AC).
   Str:       It affects your strength (+5).
   Int:       It affects your intelligence (-5).
   rCorr:     It protects you from acid and corrosion.
   Will:      It increases your willpower.
 G - a +2 scimitar of flaming
 J - a +7 falchion of freezing
Missiles
 e - 72 poisoned darts
 z - 5 javelins
 N - 6 atropa-tipped darts
 Q - 30 boomerangs
Armour
 b - a +0 hat of willpower (worn)
 g - a +2 tower shield
 k - a +2 pair of boots of flying (worn)
 E - the -4 cloak of Busus (worn) {Str+7}
   (You found it in a Gauntlet)

   Str:       It affects your strength (+7).
 K - a +0 kite shield (worn)
 V - a scarf of repulsion
 W - +2 gold dragon scales (worn)
 Y - a +1 pair of gloves of dexterity (worn)
Jewellery
 f - a ring of willpower
 i - a +6 ring of dexterity
 q - a ring of ice
 v - the ring "Saschoat" (right hand) {rPois Int+3 Dex+3 Stlth+}
   (You found it on level 3 of the Swamp)

   [ring of poison resistance]

   Int:       It affects your intelligence (+3).
   Dex:       It affects your dexterity (+3).
   rPois:     It protects you from poison.
   Stlth:     It makes you more stealthy.
 A - the ring of Astrad (left hand) {rPois rF++ Will+}
   (You bought it in a shop on level 4 of the Dungeon)

   [ring of poison resistance]

   rF:        It greatly protects you from fire.
   rPois:     It protects you from poison.
   Will:      It increases your willpower.
 L - an amulet of regeneration (around neck)
Wands
 s - a wand of flame (47)
 M - a wand of mindburst (9)
 O - a wand of iceblast (11)
 R - a wand of paralysis (19)
 X - a wand of acid (6)
 Z - a wand of polymorph (8)
Scrolls
 j - 2 scrolls of summoning
 p - a scroll of vulnerability
 t - 10 scrolls of teleportation
 x - a scroll of immolation
 y - 2 scrolls of silence
 C - 2 scrolls of fog
 D - 2 scrolls of fear
 P - 3 scrolls of blinking
Potions
 a - 4 potions of invisibility
 c - 6 potions of might
 d - 18 potions of curing
 h - 6 potions of lignification
 l - 3 potions of ambrosia
 n - 5 potions of attraction
 o - 2 potions of haste
 u - 4 potions of mutation
 w - 5 potions of berserk rage {unknown}
 F - 2 potions of magic
 I - 3 potions of brilliance
 T - 3 potions of cancellation {unknown}
 U - a potion of resistance {unknown}
Miscellaneous
 m - a condenser vane (inert) (quivered)
 H - a piece from Xom's chessboard (15/15)


   Skills:
 - Level 15.0 Fighting
 - Level 1.0(9.0) Short Blades
 - Level 13.9(14.0) Long Blades
 - Level 8.0 Throwing
 + Level 12.6 Armour
 - Level 1.0 Dodging
 - Level 10.0 Stealth
 - Level 12.0 Shields
 - Level 2.0 Unarmed Combat
 - Level 2.0 Spellcasting
 - Level 8.0 Invocations
 - Level 10.0 Evocations


You had 19 spell levels left.
You knew the following spells:

 Your Spells              Type           Power      Damage    Failure   Level
a - Sting                 Tmut/Pois      0%         1d3       100%        1

Your spell library contained the following spells:

 Spells                   Type           Power      Damage    Failure   Level
 Animate Skeleton         Necr           0%         N/A       100%        1
 Pain                     Necr           0%         1d4       100%        1
 Summon Small Mammal      Summ           0%         N/A       100%        1
 Ensorcelled Hibernation  Hex/Ice        0%         N/A       100%        2
 Poisonous Vapours        Pois/Air       0%         N/A       100%        2
 Tukima's Dance           Hex            0%         N/A       100%        3
 Vampiric Draining        Necr           0%         2d6       100%        3
 Hailstorm                Conj/Ice       0%         3d3       100%        4
 Ice Form                 Ice/Tmut       0%         N/A       100%        4
 Olgreb's Toxic Radiance  Pois           0%         N/A       100%        4
 Iskenderun's Battlesphe  Conj           0%         2d6       100%        5
 Iron Shot                Conj/Erth      0%         9d1       100%        6
 Simulacrum               Ice/Necr       0%         N/A       100%        6
 Spellforged Servitor     Conj/Summ      0%         N/A       100%        7
 Chain Lightning          Conj/Air       0%         N/A       100%        9
 Fire Storm               Conj/Fire      0%         5d1       100%        9
 Shatter                  Erth           0%         3d5*      100%        9


Dungeon Overview and Level Annotations

Branches:
Dungeon (14/15)            Temple (0/1) D:4            Lair (6/6) D:9
  Swamp (4/4) Lair:3       Spider (0/4) Lair:4        Slime (0/5) Lair:6
    Orc (2/2) D:11            Elf (1/3) Orc:2        Vaults (0/5) D:13
  IceCv (visited)         Volcano (visited)         Gauntlet (visited)

Altars:
Cheibriados
Dithmenos
Gozag
Kikubaaqudgha
Nemelex Xobeh
Okawaru
Ru
Sif Muna
Trog
Vehumet
Yredelemnul
Zin
The Shining One
Beogh

Shops:
D:3 [   D:4 **   D:11 [   Orc:2 (:[=(

Annotations:
D:4 exclusion: steam dragon
D:5 3 runed translucent doors, croobank's ghost, novice DgFi
D:11 exclusion: hydra


Innate Abilities, Weirdness & Mutations

You have razor-sharp teeth.
Your natural rate of healing is unusually fast.
When hurt, damage is shared between your health and your magic reserves.
Your bite disrupts and absorbs the magic of your enemies.
Potions cannot restore your health.


Message History

The foul vapour engulfs you!
You feel as though you will be slow longer.
You block the death drake's attack.
You slash the death drake! Your bite misses the death drake.
The death drake is severely wounded.
You are engulfed in dark miasma.
You feel as though you will be slow longer.
You feel sick. You block the death drake's attack.
You slash the death drake! You bite the death drake. You drain its power.
You feel invigorated.
The death drake is almost dead.
You are engulfed in dark miasma.
You are more poisoned.
* * * LOW HITPOINT WARNING * * *
You feel very sick.
The death drake bites you but does no damage.
Press: ? - help, v - describe, . - travel
Here: a death drake (foul pestilence, almost dead)
The floor, spattered with blood.
You draw a card...
You have drawn Pain.
Press: ? - help, Shift-Dir - straight line, f - death drake
Aim: a death drake (foul pestilence, almost dead)
The bolt of negative energy hits the death drake!!!
The death drake is drained!
You kill the death drake!
You are engulfed in dark miasma.
You are lethally poisoned!
You feel as though you will be slow longer.
* * * LOW HITPOINT WARNING * * *
x2 You feel extremely sick.
There is a lethal amount of poison in your body!
You are confused.
Your system rejects the healing.
You feel invigorated.
* * * LOW HITPOINT WARNING * * *
You feel extremely sick.
You feel less invigorated.
You feel less confused.
You die...
Your body glows with a rainbow of weird colours and disappears.

.≈≈.≈ ♣≈≈≈≈≈.♣
≈≈≈§.♣♣.≈≈≈≈≈♣
...≈.≈♣.≈≈≈≈≈♣
≈≈≈≈≈≈...≈.≈≈♣
≈≈≈≈≈≈≈≈.§♣≈♣♣♣
≈≈≈≈≈≈≈§.♣..≈.♣♣
≈≈≈≈≈≈†≈..≈≈≈..♣♣ ♣♣≈
♣≈†.@≈≈.♣..≈♣≈.≈≈
....≈♣♣≈..≈.§≈≈≈♣≈§.♣
≈≈≈ ♣≈†≈§≈°.≈≈.≈§.. §
♣.≈≈†..§°≈≈≈≈≈≈
♣♣♣♣♣††††..°§≈≈≈.≈≈
≈§≈.♣♣.†<.§§§≈≈..≈≈
.≈≈≈≈♣§≈♣†≈≈≈≈≈..?≈
≈≈≈.≈≈≈.♣♣.≈≈≈...♣.
#.≈≈..≈....)...♣


There were no monsters in sight!

Vanquished Creatures
  2 thorn hunters
  A fenstrider witch (Swamp:3)
  Aizul (Swamp:1)
  A red draconian (Volcano)
  4 eleionomae
  5 bunyips
  A minotaur (Gauntlet)
  A blizzard demon (IceCv)
  Josephine (Lair:6)
  2 shambling mangroves (Swamp:3)
  A great orb of eyes (Lair:2)
  Fannar (Lair:2)
  A rakshasa (D:14)
  2 ghost crabs
  3 vault guards (D:13)
  14 hydras
  Erica (Lair:2)
  4 two-headed ogres
  A centaur warrior (D:14)
  2 death scarabs (Gauntlet)
  A satyr (Swamp:3)
  8 alligators
  8 death yaks
  Urug (Lair:1)
  A deep elf knight (Orc:2)
  14 spriggans
  Nergalle (Lair:2)
  A spectral death yak (Gauntlet)
  2 death drakes
  2 spriggan druids
  An iron troll (Swamp:3)
  8 swamp dragons
  6 goliath frogs
  5 bog bodies
  An obsidian statue (IceCv)
  An orb spider (shapeshifter) (D:13)
  2 orc knights (Orc:2)
  3 deep elf pyromancers
  5 deep elf zephyrmancers
  19 ugly things
  6 will-o-the-wisps (Swamp:3)
  4 cyclopes
  A manticore (D:11)
  4 black mambas
  31 elephants
  Joseph (Lair:1)
  20 cane toads
  An unseen horror (D:12)
  12 komodo dragons
  A yaktaur (Volcano)
  3 rime drakes
  4 freezing wraiths
  10 ice devils (IceCv)
  2 efreet
  A golden dragon simulacrum (IceCv)
  6 entropy weaver simulacra (IceCv)
  A meliai (shapeshifter) (D:13)
  8 trolls
  A polar bear (Lair:6)
  10 tyrant leeches
  Grinder (D:3)
  15 hornets
  5 dream sheep (Lair:6)
  Prince Ribbit (D:6)
  26 blink frogs
  12 slime creatures
  2 shadows
  4 wraiths (Lair:6)
  2 dire elephant simulacra (IceCv)
  A redback (Lair:4)
  5 spriggan simulacra (IceCv)
  A vampire (D:13)
  3 wyverns
  3 basilisks
  9 humans (D:13)
  37 yaks
  5 fire elementals
  8 minotaur simulacra (IceCv)
  2 steam dragons
  18 vampire mosquitoes
  A spectral komodo dragon (Gauntlet)
  A harpy simulacrum (IceCv)
  2 wargs
  A warg (shapeshifter) (D:13)
  An acid dragon (D:14)
  14 swamp worms
  3 hell hounds
  16 water moccasins
  4 swamp drakes
  25 orc warriors
  A spectral torpor snail (Gauntlet)
  An alligator simulacrum (IceCv)
  A black bear (D:6)
  An ettin simulacrum (IceCv)
  2 necrophages
  24 centaurs
  3 ogres
  8 wolves
  2 kobold brigands
  A gnoll sergeant (D:6)
  A wyvern zombie (D:9)
  17 bullfrogs
  4 scorpions
  3 deep troll simulacra (IceCv)
  4 killer bees (D:8)
  2 lindwurm simulacra (IceCv)
  27 wights
  A howler monkey (D:6)
  3 vampire bats (Orc:2)
  8 electric eels
  6 centaur zombies
  2 bullfrog zombies
  A human zombie (D:9)
  3 hounds
  8 orc priests
  2 jellies
  A bullfrog skeleton (D:5)
  3 iguanas
  A gnoll shaman (Orc:1)
  23 orc wizards
  A scorpion zombie (D:5)
  3 killer bee zombies
  A hound zombie (D:5)
  A mummy (D:9)
  2 howler monkey zombies
  2 howler monkey skeletons
  11 gnolls
  6 adders
  2 shadow imps
  2 white imps
  An ufetubus (D:7)
  An adder skeleton (D:4)
  A worm (D:2)
  2 dart slugs
  63 orcs
  9 bats
  5 endoplasms
  4 giant cockroaches
  15 goblins
  10 hobgoblins
  5 quokkas
  10 ball pythons
  4 frilled lizards
  17 kobolds
  A quokka skeleton (D:4)
  5 rats
842 creatures vanquished.

Vanquished Creatures (collateral kills)
  An orc warlord (Orc:1)
  An ice dragon (Lair:3)
  3 hydras
  2 two-headed ogres
  An orc sorcerer (Orc:1)
  2 elephants (Lair:5)
  An unseen horror (D:10)
  A dream sheep (Lair:6)
  A spriggan (Lair:3)
  2 vampire mosquitoes
  Menkaure (D:5)
  A warg (Orc:1)
  An acid dragon (D:11)
  5 orc warriors
  An ogre (Orc:1)
  A centaur (Orc:2)
  A wolf (Lair:5)
  An orc priest (Orc:1)
  A hound (Orc:2)
  A jelly (D:3)
  An iguana (D:5)
  An adder (Orc:2)
  2 gnolls (Orc:1)
  8 orcs
  A kobold (D:4)
42 creatures vanquished.

Vanquished Creatures (others)
  A deep elf zephyrmancer (Orc:2)
  3 bloated husks
  A swamp drake (Swamp:4)
  An orc wizard (D:3)
  3 blocks of ice (Orc:1)
  2 briar patches (Swamp:3)
  A bush (Lair:4)
  11 demonic plants (Gauntlet)
  26 foxfires (Swamp:3)
  56 fungi
  145 plants
250 creatures vanquished.

Grand Total: 1134 creatures vanquished

Notes
Turn   | Place    | Note
-------+----------+-------------------------------------------
     0 | D:1      | enile the Vine Stalker Fighter began the quest for the Orb.
     0 | D:1      | Reached XP level 1. HP: 11/11 MP: 2/2
    31 | D:1      | Reached skill level 1 in Stealth
   393 | D:1      | Found a faded altar of an unknown god.
   398 | D:1      | Reached XP level 2. HP: 14/16 MP: 3/3
   599 | D:1      | Reached skill level 3 in Fighting
   599 | D:1      | Prayed at the altar of an unknown god.
   599 | D:1      | Became a worshipper of Nemelex Xobeh the Trickster
   599 | D:1      | Reached * piety under Nemelex Xobeh
   819 | D:1      | Reached XP level 3. HP: 14/20 MP: 2/4
   974 | D:1      | Reached skill level 1 in Throwing
  1335 | D:1      | Received a gift from Nemelex Xobeh
  1435 | D:2      | Reached skill level 1 in Invocations
  1697 | D:2      | Gained mutation: Your natural rate of healing is unusually
                  | fast. [Vine Stalker growth]
  1697 | D:2      | Reached XP level 4. HP: 24/24 MP: 6/6
  1700 | D:2      | Reached ** piety under Nemelex Xobeh
  2186 | D:2      | Received a gift from Nemelex Xobeh
  2575 | D:3      | Reached XP level 5. HP: 29/29 MP: 7/7
  2590 | D:3      | Reached skill level 4 in Fighting
  2740 | D:3      | Found an opulent altar of Gozag.
  2740 | D:3      | Reached *** piety under Nemelex Xobeh
  2817 | D:3      | Noticed Grinder
  2826 | D:3      | Killed Grinder
  2827 | D:3      | Reached XP level 6. HP: 20/35 MP: 6/8
  2888 | D:3      | Found Olaocvacw's Antique Armour Shoppe.
  2919 | D:3      | Received a gift from Nemelex Xobeh
  2980 | D:3      | Reached skill level 5 in Fighting
  3148 | D:3      | Found a glowing silver altar of Zin.
  3205 | D:4      | Found a staircase to the Ecumenical Temple.
  3213 | D:4      | Found Vosacant's Neck Hole.
  3275 | D:4      | Found a shimmering blue altar of Sif Muna.
  3299 | D:4      | Reached XP level 7. HP: 13/39 MP: 4/10
  3303 | D:4      | Got Sif Muna's Incunabulum of Creation
  3353 | D:4      | Found an ancient bone altar of Kikubaaqudgha.
  3368 | D:4      | Found a radiant altar of Vehumet.
  3397 | D:4      | Identified a scroll of acquirement
  3397 | D:4      | Acquired a manual of Long Blades
  3434 | D:4      | Reached skill level 1 in Short Blades
  3584 | D:4      | Found Fan Hiem's Assorted Antiques.
  3610 | D:4      | Reached skill level 1 in Long Blades
  3619 | D:4      | Bought a scintillating glass ring for 110 gold pieces
  3619 | D:4      | Identified the ring of Astrad {rPois rF++ Will+} (You
                  | bought it in a shop on level 4 of the Dungeon)
  3642 | D:4      | Noticed a steam dragon
  3776 | D:5      | Entered Level 5 of the Dungeon
  3787 | D:5      | Received a gift from Nemelex Xobeh
  3891 | D:5      | Noticed Menkaure
  3898 | D:5      | Killed Menkaure
  3999 | D:5      | Found a shadowy altar of Dithmenos.
  4014 | D:5      | Reached skill level 5 in Long Blades
  4042 | D:5      | Found a runed translucent gate.
  4042 | D:5      | Found a runed translucent gate.
  4042 | D:5      | Noticed croobank's ghost (novice DgFi)
  4045 | D:5      | Found a runed translucent gate.
  4135 | D:5      | Found a sacrificial altar of Ru.
  4203 | D:5      | Gained mutation: You have razor-sharp teeth. [Vine Stalker
                  | growth]
  4203 | D:5      | Reached XP level 8. HP: 38/43 MP: 9/11
  4304 | D:5      | Reached **** piety under Nemelex Xobeh
  4351 | D:5      | Found a snail-covered altar of Cheibriados.
  4373 | D:5      | Reached skill level 5 in Stealth
  4870 | D:6      | Noticed Prince Ribbit
  4875 | D:6      | Killed Prince Ribbit
  4876 | D:6      | Reached skill level 6 in Fighting
  5007 | D:6      | Reached XP level 9. HP: 48/48 MP: 12/12
  5018 | D:6      | Learned a level 1 spell: Sting
  5373 | D:6      | Identified the -2 hand axe of Fahoxoi {flame, Fly Int+3}
  6176 | D:7      | Found an iron altar of Okawaru.
  6212 | D:7      | Reached skill level 1 in Dodging
  6236 | D:7      | Received a gift from Nemelex Xobeh
  6291 | D:7      | Found a bloodstained altar of Trog.
  6899 | D:7      | Reached skill level 7 in Fighting
  6921 | D:7      | Received a gift from Nemelex Xobeh
  6978 | D:7      | Reached skill level 1 in Spellcasting
  7471 | D:7      | Reached skill level 10 in Long Blades
  7473 | D:7      | Reached XP level 10. HP: 48/49 MP: 12/14
  7793 | D:4      | Bought an amulet of regeneration for 330 gold pieces
  8182 | D:8      | Reached skill level 5 in Shields
  8600 | D:8      | Reached ***** piety under Nemelex Xobeh
  8705 | D:9      | Reached skill level 8 in Fighting
  8705 | D:9      | Paralysed by a hornet for 2 turns
  8760 | D:9      | Found a staircase to the Lair.
  8994 | D:9      | Noticed a two-headed ogre
  9034 | D:9      | Killed a two-headed ogre
  9190 | D:9      | Noticed a two-headed ogre
  9208 | D:9      | Killed a two-headed ogre
  9209 | D:9      | Reached skill level 5 in Throwing
  9279 | D:9      | Reached XP level 11. HP: 60/60 MP: 15/15
  9307 | D:9      | Found a basalt altar of Yredelemnul.
  9612 | D:9      | Received a gift from Nemelex Xobeh
  9980 | D:10     | Entered Level 10 of the Dungeon
 10058 | D:10     | Found a sparkling altar of Nemelex Xobeh.
 10117 | D:10     | Reached skill level 5 in Invocations
 10312 | D:10     | Found a glowing golden altar of the Shining One.
 10434 | D:10     | Received a gift from Nemelex Xobeh
 10449 | D:10     | Noticed a two-headed ogre
 10454 | D:10     | Killed a two-headed ogre
 10455 | D:10     | Reached skill level 5 in Armour
 10461 | D:10     | Identified the +7 rapier of Peace {protect, Int+4}
 11251 | D:11     | Noticed a two-headed ogre
 11251 | D:11     | Found Liboojiv's Armour Boutique.
 11251 | D:11     | Found a staircase to the Orcish Mines.
 11261 | D:11     | Killed a two-headed ogre
 11334 | D:11     | Noticed a cyclops
 11362 | D:11     | Killed a cyclops
 11363 | D:11     | Reached skill level 9 in Fighting
 11440 | D:11     | Noticed a six-headed hydra
 11504 | D:11     | Received a gift from Nemelex Xobeh
 11616 | D:11     | Noticed a cyclops
 11620 | D:11     | Noticed a two-headed ogre
 11645 | D:11     | Killed a two-headed ogre
 11645 | D:11     | Killed a cyclops
 11731 | D:11     | Noticed a manticore
 11788 | D:11     | Killed a six-headed hydra
 12051 | D:11     | Killed a manticore
 12052 | D:11     | Reached skill level 10 in Fighting
 12052 | D:11     | Reached XP level 12. HP: 56/67 MP: 16/16
 12378 | D:4      | Bought a scarf of repulsion for 132 gold pieces
 12624 | Lair:1   | Entered Level 1 of the Lair of Beasts
 12901 | Lair:1   | Received a gift from Nemelex Xobeh
 12906 | Lair:1   | Noticed an eight-headed hydra
 12917 | Lair:1   | Noticed Joseph
 12920 | Lair:1   | Killed Joseph
 12924 | Lair:1   | Killed an eight-headed hydra
 13037 | Lair:1   | Noticed Urug
 13048 | Lair:1   | Killed Urug
 13146 | Lair:1   | Reached ****** piety under Nemelex Xobeh
 13538 | Lair:2   | Noticed a five-headed hydra
 13544 | Lair:2   | Noticed a great orb of eyes
 13544 | Lair:2   | a five-headed hydra changed into a great orb of eyes
 13550 | Lair:2   | Killed a great orb of eyes
 13625 | Lair:2   | Noticed Fannar
 13625 | Lair:2   | Noticed Erica
 13646 | Lair:2   | Killed Fannar
 13655 | Lair:2   | Killed Erica
 14028 | Lair:2   | Noticed Nergalle
 14049 | Lair:2   | Killed Nergalle
 14315 | Lair:3   | Received a gift from Nemelex Xobeh
 14384 | Lair:3   | Reached skill level 1 in Evocations
 14469 | Lair:3   | Noticed a four-headed hydra
 14483 | Lair:3   | Killed a one-headed hydra
 14570 | Lair:3   | Noticed a four-headed hydra
 14576 | Lair:3   | Killed a one-headed hydra
 14577 | Lair:3   | Reached XP level 13. HP: 64/72 MP: 14/17
 14597 | Lair:3   | Found a staircase to the Swamp.
 14650 | Lair:3   | Reached skill level 5 in Evocations
 14741 | Lair:3   | Received a gift from Nemelex Xobeh
 15468 | Lair:3   | Reached skill level 11 in Fighting
 15671 | Lair:4   | Found a hole to the Spider Nest.
 15910 | Lair:4   | Received a gift from Nemelex Xobeh
 16145 | Lair:4   | Reached XP level 14. HP: 73/79 MP: 16/19
 16332 | Lair:4   | Received a gift from Nemelex Xobeh
 16430 | Lair:4   | Reached skill level 10 in Armour
 16462 | Lair:4   | You fall into a shaft and drop 2 floors!
 16462 | Lair:6   | Entered Level 6 of the Lair of Beasts
 16543 | Lair:6   | Found a staircase to the Slime Pits.
 17037 | Lair:5   | Received a gift from Nemelex Xobeh
 17043 | Lair:5   | Reached skill level 10 in Shields
 17225 | Lair:5   | Received a gift from Nemelex Xobeh
 17402 | Lair:5   | Received a gift from Nemelex Xobeh
 17419 | Lair:5   | Found a dark tunnel.
 17445 | Volcano  | Entered a volcano
 17539 | Volcano  | Noticed a red draconian
 17549 | Volcano  | Killed a red draconian
 18134 | Lair:5   | Received a gift from Nemelex Xobeh
 18505 | Lair:6   | Received a gift from Nemelex Xobeh
 18559 | Lair:6   | Reached XP level 15. HP: 75/84 MP: 16/20
 18589 | Lair:6   | Reached skill level 12 in Fighting
 18608 | Lair:6   | Noticed Josephine
 18614 | Lair:6   | Killed Josephine
 18878 | Lair:6   | Identified the +6 shortbow "Goblinbane" {flame, rF+ rC+
                  | Int+2}
 19140 | Lair:6   | Received a gift from Nemelex Xobeh
 19423 | Orc:1    | Entered Level 1 of the Orcish Mines
 19446 | Orc:1    | Noticed an orc warlord
 19486 | Orc:1    | Killed an orc warlord
 19671 | Orc:1    | Found a radiant altar of Vehumet.
 19883 | Orc:2    | Entered Level 2 of the Orcish Mines
 19930 | Orc:2    | Found Diojym's Weapon Shop.
 20073 | Orc:2    | Received a gift from Nemelex Xobeh
 20667 | Orc:2    | Found a staircase to the Elven Halls.
 20809 | Orc:2    | Received a gift from Nemelex Xobeh
 21146 | Orc:2    | Found Enlith's Antique Weapon Boutique.
 21147 | Orc:2    | Found Peerum's Antique Armour Shoppe.
 21147 | Orc:2    | Found Onoiplit's Book Shop.
 21153 | Orc:2    | Found Narekod's Jewellery Emporium.
 21157 | Orc:2    | Bought a runed tower shield for 217 gold pieces
 21157 | Orc:2    | Bought a pair of embroidered gloves for 217 gold pieces
 21437 | D:3      | Bought a runed hat for 140 gold pieces
 21811 | D:12     | Found a gate leading to a gauntlet.
 21961 | D:12     | Upgraded the game from 0.28-a0-984-g3775c662fe to
                  | 0.28-a0-991-g956f0ee3d5
 21962 | Gauntlet | Entered a Gauntlet
 21962 | Gauntlet | Found a transporter.
 21969 | Gauntlet | Found a transporter.
 22010 | Gauntlet | Found a runed translucent gate.
 22011 | Gauntlet | Found a transporter.
 22016 | Gauntlet | Found a runed translucent gate.
 22017 | Gauntlet | Found a runed translucent gate.
 22030 | Gauntlet | Found a transporter.
 22031 | Gauntlet | Found a transporter.
 22034 | Gauntlet | Found a transporter.
 22035 | Gauntlet | Found a transporter.
 22044 | Gauntlet | Found a transporter.
 22086 | Gauntlet | Found a transporter.
 22091 | Gauntlet | Found a transporter.
 22104 | Gauntlet | Found a transporter.
 22148 | Gauntlet | Received a gift from Nemelex Xobeh
 22159 | Gauntlet | Found a transporter.
 22321 | Gauntlet | Reached skill level 10 in Stealth
 22356 | Gauntlet | Identified the -4 cloak of Busus {Str+7}
 22418 | Gauntlet | Identified the amulet "Bopast" {Harm rPois Regen+ Slay+3
                  | Stlth-}
 23131 | D:13     | Received a gift from Nemelex Xobeh
 23352 | D:13     | Received a gift from Nemelex Xobeh
 23601 | D:13     | Received a gift from Nemelex Xobeh
 23852 | D:13     | Found a gate to the Vaults.
 24048 | D:13     | Identified the +8 falchion of the Pariah {protect, Will+
                  | rCorr Str+5 Int-5}
 24196 | D:13     | Reached XP level 16. HP: 90/90 MP: 22/22
 24302 | D:14     | Reached skill level 13 in Fighting
 25021 | D:14     | Received a gift from Nemelex Xobeh
 25321 | Elf:1    | Entered Level 1 of the Elven Halls
 25342 | Elf:1    | Reached skill level 14 in Fighting
 25696 | Swamp:1  | Entered Level 1 of the Swamp
 25704 | Swamp:1  | Found a frozen archway.
 25764 | Lair:3   | Identified the +3 executioner's axe of Fragile Peace
                  | {antimagic, rC+}
 25879 | IceCv    | Entered an ice cave
 26523 | IceCv    | Reached skill level 15 in Fighting
 27085 | Swamp:1  | Noticed Aizul
 27107 | Swamp:1  | Killed Aizul
 27557 | Swamp:2  | Received a gift from Nemelex Xobeh
 27580 | Swamp:2  | Reached XP level 17. HP: 78/99 MP: 23/23
 28317 | Swamp:3  | Received a gift from Nemelex Xobeh
 28360 | Swamp:3  | Identified the ring "Saschoat" {rPois Int+3 Dex+3 Stlth+}
 28411 | Swamp:3  | Reached skill level 10 in Evocations
 28784 | Swamp:3  | Received a gift from Nemelex Xobeh
 28981 | Swamp:4  | Entered Level 4 of the Swamp
 29184 | Swamp:4  | HP: 2/99 [poison (dark miasma)]
 29185 | Swamp:4  | Succumbed to poison (dark miasma)

Illustrated notes

Levels and vault maps discovered:
D:1:      dpeg_arrival_rooms_b, layout_basic,
          shapermc_ecumenical_altar_starsandcircs, st_stairs_3,
          minmay_misc_feat_hallway, minmay_unequal
D:2:      layout_basic
D:3:      layout_basic, grunt_gozag_statues, zin_statuary, serial_shops,
          nicolae_shop_hallway_plus, uniq_grinder
D:4:      layout_rooms, palyth_temple_overflow_mages, temple_pool_b,
          serial_shops, nicolae_shop_hallway_plus,
          minmay_misc_feat_four_crosses, nicolae_shop_sticking_my_neck_out,
          uniq_blork_the_orc
D:5:      layout_loops_ring, mainiacjoe_overflow_catwalk,
          mainiacjoe_overflow_paths, mainiacjoe_overflow_cross_hatched,
          gammafunk_ghost_nasty_kobolds, uniq_menkaure
D:6:      layout_loops_cross, uniq_prince_ribbit1
D:7:      layout_basic, nicolae_overflow_crystal_walls,
          mainiacjoe_overflow_boulevard, grunt_decor_arrowhead,
          chequers_serial_rivers_small_b
D:8:      layout_loops_ring
D:9:      layout_layer_cave, lemuel_mausoleum_altar_yredelemnul,
          david_lair_shrubbed
D:10:     layout_stronghold, lemuel_round_altar, mainiacjoe_overflow_chevrons,
          serial_bayou, serial_bayou_lagoon_b, serial_bayou_pond_c,
          serial_bayou_lagoon_a, serial_bayou_ford_a
D:11:     layout_loops_cross, orc_david_3
D:12:     layout_cave_pods, gauntlet_entry_generic, enter_bailey_5, st_stairs_10
D:13:     layout_basic, ximxim_vaults_locker_room
D:14:     layout_cave_pods, patterned_corridor
Lair:1:   layout_cellular_growth, uniq_urug, uniq_joseph
Lair:2:   layout_loops_ring, serial_bayou_crossing, uniq_nergalle, uniq_fannar,
          uniq_erica
Lair:3:   cheibrodos_lair_river_kwai, layout_chaotic_city,
          palyth_hydra_swamp_entry
Lair:4:   layout_misc_corridors, spider_nest_entry_rubble
Lair:5:   layout_regular_city, enter_volcano_3, lemuel_fruit_tree
Lair:6:   minmay_lair_end_frog_pond, layout_layer_cave, slime_dummy,
          uniq_josephine
Swamp:1:  layout_basic_swamp, portal_ice_cave_entry_ugly_swarm,
          evilmike_swamp_ruin_house_3, swamp_pool4, uniq_aizul
Swamp:2:  layout_basic_swamp, nicolae_swamp_little_tower,
          infiniplex_staircase_pool
Swamp:3:  layout_falls_marsh, evilmike_swamp_ruin_house_1, swamp_pool2,
          nicolae_swamp_spooky_pond
Swamp:4:  swamp_alternative, layout_basic_swamp, swamp_pool4
Orc:1:    layout_caves, basic_altar, mines1_david
Orc:2:    st_orc_rangers, layout_diamond_mine, serial_shops, shop,
          roderic_batcave, nicolae_orc_pool_cavern
Elf:1:    minmay_elf_arrival_plus, layout_geoelf_octagon, minmay_elf_necromancy,
          grunt_megastairs_1

Skill      XL: |  1  2  3  4  5  6  7  8  9 10 11 12 13 14 15 16 17 |
---------------+----------------------------------------------------+-----
Stealth        | 2 4 6 8 10 | 10.0
Fighting       | 3 4 5 6 7 8 10 11 12 15 | 15.0
Shields        | 3 4 5 6 8 10 11 12 | 12.0
Throwing       | 1 2 3 5 6 7 8 |  8.0
Invocations    | 2 3 4 5 6 7 8 |  8.0
Short Blades   | 1 |  1.0
Long Blades    | 6 8 10 11 12 13 | 13.9
Armour         | 3 5 8 9 10 11 12 | 12.6
Dodging        | 1 |  1.0
Spellcasting   | 2 |  2.0
Evocations     | 4 5 6 8 10 | 10.0
Unarmed Combat | |  2.0

Action                   |  1- 3 |  4- 6 |  7- 9 | 10-12 | 13-15 | 16-18 || total
-------------------------+-------+-------+-------+-------+-------+-------++-------
Melee: Unarmed           |   143 |   110 |       |       |       |       ||   253
       Bite              |    34 |    49 |   183 |   203 |   626 |   422 ||  1517
       Dagger            |       |    23 |   312 |     4 |       |       ||   339
       Falchion          |       |       |   112 |   378 |   156 |   688 ||  1334
       Scimitar          |       |       |       |    92 |  1003 |       ||  1095
Throw: Dart              |     9 |     8 |    31 |    61 |    57 |     8 ||   174
       Boomerang         |       |       |     6 |     1 |       |       ||     7
       Javelin           |       |       |       |    10 |    56 |    40 ||   106
       Throwing net      |       |       |       |       |     3 |     3 ||     6
Invok: Draw Summoning    |       |     2 |     2 |     2 |     6 |     3 ||    15
       Draw Destruction  |       |     1 |       |    21 |    15 |     9 ||    46
       Draw Escape       |       |     1 |       |     3 |     5 |     3 ||    12
       Triple Draw       |       |       |       |       |       |     1 ||     1
Evoke: Wand              |       |       |       |     4 |    22 |    42 ||    68
       Condenser vane    |       |       |       |       |     1 |     1 ||     2
       Piece from Xom's  |       |       |       |       |     1 |       ||     1
  Use: Scroll            |     1 |     1 |     9 |     5 |    18 |     6 ||    40
       Potion            |       |     1 |       |       |       |     1 ||     2
 Stab: Sleeping          |       |       |     2 |     3 |       |       ||     5
       Held in net/web   |       |       |       |       |     3 |     2 ||     5
       Distracted        |       |       |       |       |     1 |       ||     1
       Invisible         |       |       |       |       |       |     1 ||     1
       Confused          |       |       |       |       |       |     1 ||     1
Armor: Scale mail        |    58 |    60 |    84 |   117 |       |       ||   319
       Gold dragon scale |       |       |       |    79 |   733 |   407 ||  1219
Dodge: Dodged            |    66 |    59 |   153 |   135 |   185 |   162 ||   760
Block: Buckler           |    20 |    26 |    70 |   111 |    26 |       ||   253
       Kite shield       |       |       |       |       |   808 |   461 ||  1269

Table legend: (Time is in decaauts)
 A = Elapsed time spent in this place.
 B = Non-inter-level travel time spent in this place.
 C = Inter-level travel time spent in this place.
 D = Time resting spent in this place.
 E = Time spent auto-exploring this place.
 F = Levels seen in this place.
 G = Mean time per level.
                   A        B        C        D        E       F      G
               +--------+--------+--------+--------+--------+-----+--------+
         Total |  28718 |  26496 |   2222 |    800 |  18090 |  30 |  957.3 |
       Dungeon |  16051 |  14530 |   1521 |    278 |  10852 |  14 | 1146.5 |
          Lair |   6451 |   6028 |    423 |    127 |   3942 |   6 | 1075.2 |
         Swamp |   2448 |   2381 |     67 |     79 |   1501 |   4 |  612.0 |
  Orcish Mines |   2044 |   1835 |    209 |    116 |   1150 |   2 | 1022.0 |
   Elven Halls |     27 |     27 |      0 |      0 |      0 |   1 |   27.0 |
      Ice Cave |    801 |    801 |      0 |      7 |    552 |   1 |  801.0 |
       Volcano |    372 |    372 |      0 |    162 |     53 |   1 |  372.0 |
      Gauntlet |    519 |    519 |      0 |     31 |     40 |   1 |  519.0 |
               +--------+--------+--------+--------+--------+-----+--------+

Top non-repeatable levels by time:
     D:9: 1660 daAuts
     D:7: 1588 daAuts
   Orc:2: 1431 daAuts
  Lair:6: 1419 daAuts
     D:1: 1404 daAuts
  Lair:3: 1388 daAuts
    D:10: 1314 daAuts
     D:5: 1291 daAuts
     D:6: 1235 daAuts
     D:2: 1096 daAuts
    D:11: 1081 daAuts
    D:13: 1042 daAuts
  Lair:1: 1030 daAuts
    D:14: 1003 daAuts
    D:12: 967 daAuts
